 Dungeon Crawl Stone Soup version 0.28-b1-38-gff268fdeb9 (webtiles) character file.

Game seed: 12952788615780562718

35 Devinter the Magician (level 3, -1/27 HPs)
             Began as a Djinni Conjurer on Feb 2, 2022.
             Was a Believer of Nemelex Xobeh.
             Slain by Crazy Yiuf (12 damage)
             ... on level 2 of the Dungeon.
             The game lasted 00:06:34 (994 turns).

Devinter the Magician (Djinni Conjurer)              Turns: 994, Time: 00:06:35

Health: -1/27      AC:  4    Str:  6    XL:     3   Next: 52%
Gold:   28         EV: 12    Int: 21    God:    Nemelex Xobeh [**....] SH:  0 Dex: 11

rFire   + + .      SeeInvis .   c - +2 hand axe (vamp)
rCold   x . .      Faith    .   (no shield)
rNeg    . . .      Spirit   .   a - +0 robe
rPois   ∞          Reflect  .   (no helmet)
rElec   .          Harm     .   (no cloak)
rCorr   .          Rampage  .   e - +1 pair of gloves
Will    .....                   (boots unavailable)
Stlth   ++........              (no amulet)
HPRegen 0.09/turn               (no ring)
MPRegen 0.00/turn               (no ring)

@: flying
A: sickness immunity, fire resistance 2, cold vulnerability 1, float, innate
caster, HP casting, extra vitality 1
a: Renounce Religion, Draw Escape, Draw Destruction, Draw Summoning


You were on level 2 of the Dungeon.
You worshipped Nemelex Xobeh.
Nemelex Xobeh was pleased with you.
You visited 1 branch of the dungeon, and saw 2 of its levels.

You collected 28 gold pieces.

Inventory:

Hand Weapons
 c - a +2 vampiric hand axe (weapon)
Missiles
 h - 2 poisoned darts
Armour
 a - a +0 robe (worn)
 e - a +1 pair of gloves (worn)
Scrolls
 b - 2 scrolls of identify {unknown}
 d - a scroll of teleportation {unknown}
Potions
 f - 2 potions of brilliance {unknown}
 g - a potion of flight {unknown}
 i - a potion of curing {unknown}


   Skills:
 + Level 1.2 Fighting
 + Level 2.8 Dodging
 - Level 2.0 Stealth
 + Level 3.4 Spellcasting


You couldn't memorise any spells.
You knew the following spells:

 Your Spells              Type           Power      Damage    Failure   Level
a - Magic Dart            Conj           72%        1d6       3%          1
b - Searing Ray           Conj           36%        2d5       4%          2
c - Dazzling Flash        Conj/Hex       36%        N/A       9%          3
d - Fulminant Prism       Conj/Hex       9%         3d7       30%         4
e - Iskenderun's Mystic   Conj/Tloc      18%        2d6       30%         4
f - Beastly Appendage     Tmut           36%        N/A       3%          1
Your spell library was empty.

Dungeon Overview and Level Annotations

Branches:
Dungeon (2/15)

Altars:
Nemelex Xobeh

Shops:
D:1 [

Annotations:
D:2 Crazy Yiuf


Innate Abilities, Weirdness & Mutations

You are immune to sickness and miasma.
You are immune to poison.
Your flesh is very heat resistant. (rF++)
You are vulnerable to cold. (rC-)
You float through the air rather than walking.
You learn spells naturally, not from books.
Your magical power is your life essence.
You have superior vitality. (+4 MHP)


Message History

There is an open door here.
Found a leather armour.
Found a dagger.
Things that are here:
a +0 leather armour; a +0 leather armour
Found a mace.
Found a runed translucent door.
Crazy Yiuf shouts!
Crazy Yiuf yells, "Powder ena blue!"
As you open the door, it creaks loudly!
Crazy Yiuf cries, "You leg down broken song, no?"
Casting: Magic Dart (safe; 3% risk of failure)
Confirm with . or Enter, or press ? or * to list all spells.
Okay, then.
Casting: Magic Dart (safe; 3% risk of failure)
Confirm with . or Enter, or press ? or * to list all spells.
Okay, then.
Casting: Magic Dart (safe; 3% risk of failure)
Confirm with . or Enter, or press ? or * to list all spells.
The spell is quite dangerous to miscast (9% risk of failure)!
Continue anyway?
Casting: Dazzling Flash (quite dangerous; 9% risk of failure)
Press: ? - help, Dir - look around, f - activate Crazy Yiuf is dazzled.
Crazy Yiuf hits you with a +3 quarterstaff of chaos.
You hit Crazy Yiuf.
You feel better.
Crazy Yiuf is lightly wounded.
Crazy Yiuf laughs, "You Xom snail!"
Crazy Yiuf closely misses you.
Crazy Yiuf hits you with a +3 quarterstaff of chaos!
* * * LOW HITPOINT WARNING * * *
Crazy Yiuf burns you.
* * * LOW HITPOINT WARNING * * *
Crazy Yiuf cries, "You leg down broken song, no?"
Crazy Yiuf is no longer blind.
Crazy Yiuf says, "Powder Xom return to song!"
Crazy Yiuf screams, "Leather noodlescoop Hive!"
Crazy Yiuf says, "Cards ragdoll aubergine!"
Crazy Yiuf says, "Defame!"
Crazy Yiuf hits you with a +3 quarterstaff of chaos!
You die...
Your body disappears without a glow.

#...........# #
#######...).#.###
#.....#...+
#..[......#
#.........#
#.........#
#.........#
##g##.....#
#@########
#.#......
#.#......
##'#......
#.........
#.........
#..........#
##.#.......#
#.###....#


You could see Crazy Yiuf.

Vanquished Creatures
  A dart slug (D:2)
  3 endoplasms (D:1)
  A giant cockroach (D:2)
  2 goblins (D:1)
  4 hobgoblins (D:1)
  4 ball pythons (D:1)
  5 bats
  3 frilled lizards
  5 kobolds
  3 rats
31 creatures vanquished.

Notes
Turn   | Place    | Note
-------+----------+-------------------------------------------
     0 | D:1      | Devinter the Djinni Conjurer began the quest for the Orb.
     0 | D:1      | Reached XP level 1. HP: 15/15 MP: 0/0
    12 | D:1      | Found a faded altar of an unknown god.
    23 | D:1      | Prayed at the altar of an unknown god.
    23 | D:1      | Became a worshipper of Nemelex Xobeh the Trickster
    23 | D:1      | Reached * piety under Nemelex Xobeh
    85 | D:1      | Reached XP level 2. HP: 10/22 MP: 0/0
   348 | D:1      | Received a gift from Nemelex Xobeh
   484 | D:1      | Found Muub Syask's Armour Shoppe.
   552 | D:1      | Reached ** piety under Nemelex Xobeh
   559 | D:1      | Reached skill level 2 in Stealth
   565 | D:1      | Reached skill level 1 in Fighting
   565 | D:1      | Reached XP level 3. HP: 19/27 MP: 0/0
   565 | D:1      | Learned a level 1 spell: Beastly Appendage
   959 | D:2      | Found a runed translucent door.
   960 | D:2      | Noticed Crazy Yiuf
   994 | D:2      | Slain by Crazy Yiuf

Illustrated notes

Levels and vault maps discovered:
D:1:      dpeg_arrival_houses_and_road, layout_rooms, basic_ecumenical_altar,
          serial_shops, shop, serial_curves, eino_curves_03, eino_curves_02,
          eino_curves_03, eino_curves_03
D:2:      layout_basic, minmay_tetromino_o4, uniq_natasha,
          uniq_crazy_yiuf_cottage

Skill      XL: |  1  2 |
---------------+-------+-----
Stealth        | 2 |  2.0
Fighting       | 1 |  1.2
Dodging        | |  2.8
Spellcasting   | |  3.4

Action                   || total
-------------------------++-------
Melee: Hand axe          ||    19
 Cast: Magic Dart        ||    41
       Dazzling Flash    ||     2
 Stab: Invisible         ||     1
       Sleeping          ||     1
Armor: Robe              ||     8
Dodge: Dodged            ||    16
